 Dungeon Crawl Stone Soup version 0.31.0-11-ge490571c62 (webtiles) character file.

Game seed: 13085501367027411752

200 qw the Skirmisher (level 5, -8/29 HPs)
             Began as a Deep Elf Hunter on Feb 4, 2024.
             Killed from afar by a steam dragon (17 damage)
             ... with a ball of steam
             ... on level 4 of the Dungeon.
             The game lasted 00:00:17 (2540 turns).

qw the Skirmisher (Deep Elf Hunter)                 Turns: 2540, Time: 00:00:18

Health: -8/29      AC:  5    Str: 10    XL:     5   Next: 49%
Magic:  7/7        EV: 11    Int: 14    God:
Gold:   138        SH:  0    Dex: 24    Spells: 4/4 levels left

rFire   . . .        a - +0 shortbow
rCold   . . .        (shield currently unavailable)
rNeg    . . .        c - +0 ring mail
rPois   .            (no helmet)
rElec   .            (no cloak)
rCorr   .            (no gloves)
SInv    .            (no boots)
Will    +....        (no amulet)
Stlth   ++           f - +6 ring of dexterity
HPRegen 0.24/turn    (no ring)
MPRegen 0.10/turn

%: no passive effects
@: no status effects
A: strong-willed 1, sense surroundings 1
a: no special abilities


You were on level 4 of the Dungeon.
You visited 2 branches of the dungeon, and saw 5 of its levels.

You collected 138 gold pieces.


Innate Abilities, Weirdness & Mutations

You are strong-willed. (Will+)
You passively map a small area around you.


   Skills:
 - Level 1.5 Fighting
 - Level 9.0 Ranged Weapons
 + Level 2.4 Dodging
 - Level 1.2 Stealth


You had 4 spell levels left.
You didn't know any spells.
Your spell library was empty.

Inventory:

Hand Weapons
 a - a +0 shortbow (weapon)
Armour
 c - a +0 ring mail (worn)
Jewellery
 f - a +6 ring of dexterity (left hand)
Potions
 d - 2 potions of resistance
 e - a potion of mutation
 h - a potion of might {unknown}
 j - 2 potions of curing

Dungeon Overview and Level Annotations

Branches:
Dungeon (4/15)             Temple (1/1) D:4

Altars:
Ashenzari
Dithmenos
Elyvilon
Fedhas
Gozag
Hepliaklqana
Kikubaaqudgha
Makhleb
Qazlal
Ru
Sif Muna
Trog
Uskayaw
Wu Jian
Xom
Zin
The Shining One


Message History

Enter note:
Enter note:
Enter note:
Enter note:
Enter note:
Enter note:
Enter note:
Enter note:
Enter note:
Enter note:
Enter note:
Enter note:
Enter note:
Enter note:
Enter note:
Enter note:
Enter note:
Enter note:
Enter note:
Enter note: You climb downwards.
There is a stone staircase leading up here.
Enter note:
Enter note: A steam dragon comes into view.
Found 2 scrolls of teleportation.
The steam dragon hisses angrily.
You shoot an arrow.
The arrow hits the steam dragon but does no damage.
The steam dragon breathes steam at you. The ball of steam hits you!!
Ouch! That really hurt!
2539 ||| Stepping ~*~*~tactically~*~*~ (cloud).
You shoot an arrow. The arrow hits the steam dragon.
The steam dragon is lightly wounded.
You are engulfed in a cloud of scalding steam.
The steam dragon breathes steam at you. The ball of steam hits you!
Ouch! That really hurt!
You die...

, #.# * ...
* ... ,,, **
*#.# * ##.#
, ..# * *
#.#
#@##########
#¤¤¤........
#¤#..#######
#D#..#
#.#..#
#.#..#
#.#..#
#.#..####
.?#.....#


There were no monsters in sight!

Vanquished Creatures
  A phantom (D:3)
  Jessica (D:3)
  Natasha (D:2)
  An iguana (D:4)
  3 dart slugs
  An orc (D:3)
  2 bats
  2 endoplasms
  2 giant cockroaches
  4 goblins
  3 hobgoblins
  3 jackals (D:1)
  4 kobolds
  2 quokkas
  5 ball pythons
  3 rats
38 creatures vanquished.

Notes
Turn   | Place    | Note
-------+----------+-------------------------------------------
     0 | D:1      | qw the Deep Elf Hunter began the quest for the Orb.
     0 | D:1      | Reached XP level 1. HP: 12/12 MP: 3/3
     0 | D:1      | 0 ||| qw: Version: 0.3-a-160-g6735b56
     0 | D:1      | 0 ||| qw: Game counter: 6119
     0 | D:1      | 0 ||| qw: Melee chars always use a shield: true
     0 | D:1      | 0 ||| qw: God list: Okawaru
     0 | D:1      | 0 ||| qw: Allow faded altars: false
     0 | D:1      | 0 ||| qw: Do Orc after clearing Dungeon:15 true
     0 | D:1      | 0 ||| qw: Do second Lair branch before Depths: true
     0 | D:1      | 0 ||| qw: Lair rune preference: random
     0 | D:1      | 0 ||| qw: Goals: Normal
     0 | D:1      | 0 ||| PLANNING D:1-11
   180 | D:1      | Reached XP level 2. HP: 16/16 MP: 4/4
   184 | D:1      | Reached skill level 6 in Ranged Weapons
   559 | D:1      | 559 ||| READING 2 scrolls labelled PIWOIL PAEXZO.
   563 | D:1      | 563 ||| READING scroll labelled WETHUERUOGH.
   564 | D:1      | 564 ||| READING scroll labelled BEADEHA YGAI.
   564 | D:1      | 564 ||| ENCHANTING +0 shortbow.
   565 | D:1      | 565 ||| READING scroll labelled URERODICYA.
   565 | D:1      | 565 ||| IDENTIFYING smoky blue potion
   566 | D:1      | 566 ||| DROPPING scroll of butterflies.
   686 | D:2      | 686 ||| UPGRADING to +0 scale mail.
   696 | D:2      | 696 ||| DROPPING +0 leather armour.
   697 | D:2      | 697 ||| READING 3 scrolls labelled FEFIKHLA KIMIN.
   698 | D:2      | 698 ||| DRINKING 2 blue potions.
   699 | D:2      | 699 ||| DROPPING 2 scrolls of immolation.
   813 | D:2      | 813 ||| READING scroll labelled HOHEFF PAGORCH.
   880 | D:2      | Reached XP level 3. HP: 20/20 MP: 5/5
  1025 | D:2      | Noticed Natasha
  1030 | D:2      | 1030 ||| RETREEEEATING.
  1031 | D:2      | 1031 ||| RETREEEEATING.
  1032 | D:2      | 1032 ||| RETREEEEATING.
  1033 | D:2      | 1033 ||| RETREEEEATING.
  1034 | D:2      | 1034 ||| RETREEEEATING.
  1035 | D:2      | 1035 ||| RETREEEEATING.
  1036 | D:2      | 1036 ||| RETREEEEATING.
  1037 | D:2      | 1037 ||| RETREEEEATING.
  1042 | D:2      | HP: 5/20 [cerulean imp/+1 spear[Natasha] (3)]
  1043 | D:2      | 1043 ||| READING scroll of teleportation.
  1044 | D:2      | HP: 2/20 [Natasha (3)]
  1145 | D:2      | Killed Natasha
  1146 | D:2      | Reached skill level 7 in Ranged Weapons
  1158 | D:2      | 1158 ||| READING scroll labelled HAGHYMUTHRIMAO.
  1346 | D:3      | Found a broken altar of Ashenzari.
  1350 | D:3      | Saw a vision of the Swamp and the Snake Pit.
  1350 | D:3      | Noticed a guardian serpent
  1350 | D:3      | Noticed a naga
  1350 | D:3      | Noticed a tyrant leech
  1350 | D:3      | Noticed a bog body
  1350 | D:3      | Noticed a spriggan rider
  1350 | D:3      | Noticed a ghost crab
  1350 | D:3      | Noticed a bunyip
  1350 | D:3      | Noticed a guardian serpent
  1350 | D:3      | Noticed a five-headed hydra
  1350 | D:3      | Noticed a mana viper
  1350 | D:3      | Noticed a naga
  1351 | D:3      | Noticed a salamander
  1352 | D:3      | Noticed a naga ritualist
  1352 | D:3      | Noticed a naga
  1352 | D:3      | Noticed a naga mage
  1353 | D:3      | Noticed a tyrant leech
  1353 | D:3      | Noticed a naga mage
  1558 | D:3      | Found a bloodstained altar of Trog.
  1674 | D:3      | Found a white marble altar of Elyvilon.
  1766 | D:3      | Noticed Jessica
  1767 | D:3      | Killed Jessica
  1768 | D:3      | Reached XP level 4. HP: 25/25 MP: 6/6
  2067 | D:3      | 2067 ||| UPGRADING to +6 ring of dexterity.
  2068 | D:3      | 2068 ||| READING scroll of identify.
  2068 | D:3      | 2068 ||| IDENTIFYING grey potion
  2069 | D:3      | 2069 ||| READING scroll labelled KIUZXI PUMY.
  2070 | D:3      | 2070 ||| DRINKING 2 glowing cyan potions.
  2070 | D:3      | Gained mutation: You passively map a small area around you.
                  | [potion of mutation]
  2070 | D:3      | Gained mutation: You are strong-willed. (Will+) [potion of
                  | mutation]
  2071 | D:3      | 2071 ||| DROPPING potion of invisibility.
  2073 | D:3      | 2073 ||| Stepping ~*~*~tactically~*~*~ (cloud).
  2077 | D:3      | HP: 6/25 [poisoned by you (poison gas)]
  2082 | D:3      | HP: 2/25 [poisoned by you (poison gas)]
  2206 | D:4      | Noticed a phantom
  2210 | D:4      | 2210 ||| STAIRDANCE
  2218 | D:3      | HP: 3/25 [phantom (6)]
  2220 | D:3      | HP: 1/25 [phantom (3)]
  2221 | D:3      | Killed a phantom
  2222 | D:3      | Reached skill level 8 in Ranged Weapons
  2222 | D:3      | Reached XP level 5. HP: 1/29 MP: 7/7
  2406 | D:4      | Reached skill level 9 in Ranged Weapons
  2457 | D:4      | Found a staircase to the Ecumenical Temple.
  2458 | D:4      | 2458 ||| PLANNING TEMPLE
  2458 | D:4      | 2458 ||| UPGRADING to +0 ring mail.
  2468 | D:4      | 2468 ||| DROPPING +0 scale mail.
  2476 | Temple   | Entered the Ecumenical Temple
  2477 | Temple   | 2477 ||| PLANNING D:1-11
  2537 | D:4      | Noticed a steam dragon
  2539 | D:4      | 2539 ||| Stepping ~*~*~tactically~*~*~ (cloud).
  2540 | D:4      | Killed from afar by a steam dragon

Levels and vault maps discovered:
D:1:      spicycebolla_arrival_ecumenical, layout_basic,
          chequers_serial_rivers_micro_c
D:2:      layout_basic, grunt_decor_cap, minmay_octomino_j4, uniq_natasha
D:3:      layout_basic, trog_book, elyvilon_altar_1, grunt_ashenzari_visionary
          [grunt_ashenzari_visionary_swamp, grunt_ashenzari_visionary_snake],
          minmay_splitting_lines, uniq_jessica
D:4:      layout_loops_ring, minmay_temple_entry_statues_pillars,
          minmay_fountain_box, uniq_robin
Temple:   minmay_temple_curvy_branch

Skill      XL: |  1  2  3  4  5 |
---------------+----------------+-----
Ranged Weapons | 6 7 8 9 |  9.0
Fighting       | |  1.5
Dodging        | |  2.4
Stealth        | |  1.2

Action                     |  1- 3 |  4- 6 || total
---------------------------+-------+-------++-------
   Fire: Shortbow          |    78 |    41 ||   119
    Use: Scroll            |     8 |     2 ||    10
         Potion            |     1 |     1 ||     2
 Armour: Leather armour    |     6 |       ||     6
         Scale mail        |    20 |    21 ||    41
         Ring mail         |       |     3 ||     3
  Dodge: Dodged            |    13 |     7 ||    20

Table legend:
 A = Non-vault XP
 B = Vault XP
 C = Vault XP percentage of total XP
 D = Non-vault monster count
 E = Vault monster count
 F = Vault count percentage of total count
                 A         B        C        D         E       F
            +---------+---------+-------+---------+---------+-------
      Total |     210 |      77 |  26.8 |      34 |       4 |  10.5
            +---------+---------+-------+---------+---------+-------
        D:1 |      28 |       0 |   0.0 |      13 |       0 |   0.0
        D:2 |      10 |      40 |  80.0 |       6 |       3 |  33.3
        D:3 |     130 |      37 |  22.2 |      10 |       1 |   9.1
        D:4 |      42 |       0 |   0.0 |       5 |       0 |   0.0
            +---------+---------+-------+---------+---------+-------
